 Dungeon Crawl Stone Soup version 0.23.0-3-gf3c87f2 (webtiles) character file.

Game seed: 6302415917236957120

53 Kairos the Skirmisher (level 4, -2/34 HPs)
             Began as a Formicid Warper on Feb 22, 2019.
             Slain by an adder (3 damage)
             ... on level 2 of the Dungeon.
             The game lasted 00:01:59 (1241 turns).

Kairos the Skirmisher (Formicid Warper)             Turns: 1241, Time: 00:02:00

Health: -2/34      AC:  3    Str: 17    XL:     4   Next: 11%
Magic:  8/8        EV: 11    Int: 12    God:
Gold:   99         SH:  5    Dex: 10    Spells: 8/8 levels left

rFire    . . .     SeeInvis +   a - +0 hand axe
rCold    . . .     Gourm    .   k - +2 buckler
rNeg     . . .     Faith    .   b - +0 leather armour
rPois    .         Spirit   .   (helmet unavailable)
rElec    .         Reflect  .   (no cloak)
rCorr    .         Harm     .   (no gloves)
MR       .....                  (no boots)
Stlth    +.........             (no amulet)
HPRegen  0.11/turn              (no ring)
MPRegen  0.11/turn              (no ring)

@: lethally poisoned (-2 -> -14)
A: permanent stasis, dig shafts and tunnels, four strong arms, antennae 3
a: Dig, Shaft Self


You were on level 2 of the Dungeon.
You were very hungry.

You visited 1 branch of the dungeon, and saw 2 of its levels.

You collected 99 gold pieces.

Inventory:

Hand Weapons
 a - a +0 hand axe (weapon)
Missiles
 e - 5 tomahawks of dispersal (quivered)
Armour
 b - a +0 leather armour (worn)
 k - a +2 buckler (worn)
Scrolls
 c - 3 scrolls of remove curse {unknown}
 g - a scroll of identify {unknown}
 j - a scroll of enchant weapon {unknown}
Potions
 d - a potion of curing {unknown}
 h - a potion of heal wounds {unknown}
 i - 2 potions of degeneration {unknown}
Comestibles
 f - 5 rations


   Skills:
 + Level 2.8 Fighting
 + Level 2.7 Axes
 + Level 1.3 Throwing
 + Level 1.3 Armour
 + Level 2.1 Dodging
 + Level 2.7 Spellcasting
   Level 2.6 Translocations


You had 8 spell levels left.
You didn't know any spells.
Your spell library contained the following spells:

 Spells                   Type           Power        Failure   Level  Hunger
 Shroud of Golubria       Chrm/Tloc      #.........   41%         2    ###....
 Gell's Gravitas          Tloc           #.........   45%         3    ###....
 Lesser Beckoning         Tloc           #.........   45%         3    ###....
 Teleport Other           Tloc           #.......     45%         3    ###....
 Passage of Golubria      Tloc           N/A          86%         4    #####..
 Blink                    Tloc           Unusable     N/A         2    N/A

Dungeon Overview and Level Annotations

Branches:
Dungeon (2/15)

Altars:


Innate Abilities, Weirdness & Mutations

You cannot be hasted, slowed, berserked, paralysed or teleported.
You can dig through walls and to a lower floor.
Your four strong arms can wield two-handed weapons with a shield.
You have a pair of large antennae on your head. (SInv)


Message History

The adder poisons you!
You closely miss the adder.
You feel sick. The adder closely misses you. The adder bites you.
You closely miss the adder.
You feel sick. You block the adder's attack.
You closely miss the adder.
You feel sick. The adder bites you.
* * * LOW HITPOINT WARNING * * *
You are lethally poisoned!
The adder poisons you! The adder barely misses you.
Unknown command.
You closely miss the adder.
* * * LOW HITPOINT WARNING * * *
You feel sick. The adder bites you.
* * * LOW HITPOINT WARNING * * *
You are more poisoned.
The adder poisons you!
You slash the adder!
The adder is severely wounded.
* * * LOW HITPOINT WARNING * * *
You feel sick. The adder bites you.
You die...

#..# #.###>#...............#####
#..# #.#.................### #.
#..# #...#.....>.#.......# #.
#..######.####....).<)....######.
#.....#...#..........##..........
..##....###.##....#..............
####...........>.................
#....###.####.#...........####
#.....)# #@#.........### ##.....#
#.S.....#.#.# #.....#
###......##.# #.....#
)...........# #.....#
...........#### ##....#
.......###... ....# ....S..+
+.... .......# ..... ...%.....
##+#


You could see an adder.

Vanquished Creatures
  A hound zombie (D:2)
  An ooze (D:1)
  3 dart slugs (D:1)
  A leopard gecko (D:2)
  A giant cockroach (D:1)
  4 hobgoblins
  A ball python (D:2)
  2 bats
  6 frilled lizards
  4 goblins (D:1)
  4 kobolds
  3 rats (D:1)
31 creatures vanquished.

Notes
Turn   | Place    | Note
-------+----------+-------------------------------------------
     0 | D:1      | Kairos the Formicid Warper began the quest for the Orb.
     0 | D:1      | Reached XP level 1. HP: 16/16 MP: 3/3
   179 | D:1      | Reached XP level 2. HP: 18/23 MP: 5/5
   366 | D:1      | Reached XP level 3. HP: 28/28 MP: 6/6
   948 | D:2      | Reached XP level 4. HP: 25/34 MP: 8/8
  1241 | D:2      | HP: 1/34 [poisoned by an adder]
  1241 | D:2      | Slain by an adder

Skill      XL: |  1 |
---------------+----+-----
Dodging        | 2 |  2.1
Fighting       | |  2.8
Axes           | |  2.7
Throwing       | |  1.3
Armour         | |  1.3
Spellcasting   | |  2.7
Translocations | |  2.6

Action                   |  1- 3 |  4- 6 || total
-------------------------+-------+-------++-------
Melee: Hand axe          |    76 |    33 ||   109
Armor: Leather armour    |    17 |     7 ||    24
Dodge: Dodged            |    57 |    18 ||    75
Block: Buckler           |       |     4 ||     4
